 Dungeon Crawl Stone Soup version 0.30-b1-2-g02819fbbbe (webtiles) character file.

Game seed: 7312147576656156469

625 sanka the Ruffian (level 7, -4/59 HPs)
             Began as a Red Draconian Cinder Acolyte on May 5, 2023.
             Was a High Priest of Ignis.
             Shot with an arrow by a centaur (9 damage)
             ... on level 6 of the Dungeon.
             The game lasted 00:10:19 (4873 turns).

sanka the Ruffian (Red Draconian Cinder Acolyte)    Turns: 4873, Time: 00:10:20

Health: -4/59      AC:  7    Str: 16    XL:     7   Next: 23%
Magic:  2/10       EV: 11    Int: 15    God:    Ignis [*****.]
Gold:   186        SH:  0    Dex:  8    Spells: 8/10 levels left

rFire   + +          .
                       - Unarmed
rCold   . . .        (no shield)
rNeg    . . .        (body armour unavailable)
rPois   .            (helmet restricted)
rElec   .            f - scarf {shadows}
rCorr   .            s - +0 pair of gloves
SInv    .            (no boots)
Will    .....        (no amulet)
Stlth   +            (no ring)
HPRegen 0.29/turn    (no ring)
MPRegen 0.12/turn

%: no passive effects
@: about to teleport
A: breathe fire, AC +6, unfitting armour, fire resistance 1, cold-blooded
a: Breathe Fire, Renounce Religion, Fiery Armour, Foxfire Swarm, Rising Flame


You were on level 6 of the Dungeon.
You worshipped Ignis.
Ignis was extremely pleased with you.
You visited 1 branch of the dungeon, and saw 8 of its levels.

You collected 186 gold pieces.

Inventory:

Armour
 f - a scarf of shadows (worn)
 s - a +0 pair of gloves (worn)
Magical Staves
 d - a staff of air
Scrolls
 g - a scroll of poison {!r}
 h - a scroll of magic mapping
 i - a scroll of torment {!r}
 j - a scroll of enchant armour
 k - 2 scrolls of amnesia
 o - a scroll of immolation {unknown}
 p - a scroll of brand weapon {unknown}
 u - a scroll of fear {unknown}
Potions
 a - a potion of invisibility {unknown}
 e - a potion of heal wounds {unknown}
 l - a potion of flight {unknown}
 m - 3 potions of curing {unknown}
 n - a potion of mutation {unknown}
 q - a potion of degeneration {unknown}
 t - a potion of ambrosia {unknown}
 v - a potion of lignification {unknown}
Miscellaneous
 r - a piece from Xom's chessboard (15/15)


   Skills:
 - Level 4.0 Fighting
 + Level 6.8 Unarmed Combat
 - Level 2.0 Spellcasting
 - Level 6.0 Fire Magic


You had 8 spell levels left.
You knew the following spells:

 Your Spells              Type           Power      Damage    Failure   Level
a - Scorch                Fire           38%        2d6       2%          2

Your spell library contained the following spells:

 Spells                   Type           Power      Damage    Failure   Level
 Foxfire                  Conj/Fire      40%        2x1d6     6%          1
 Kiss of Death            Conj/Necr      4%         2d5       22%         1
 Necrotise                Necr           4%         1d4       22%         1
 Lesser Beckoning         Tloc           2%         N/A       32%         2
 Gell's Gravitas          Tloc           1%         N/A       54%         3
 Teleport Other           Tloc           1%         N/A       54%         3
 Arcjolt                  Conj/Air       0%         1d10      99%         5
 Dispersal                Tloc           0%         N/A       100%        6


Dungeon Overview and Level Annotations

Branches:
Dungeon (8/15)
 Temple: D:4-7         Lair: D:8-11

Altars:
Kikubaaqudgha
Qazlal
Sif Muna
Vehumet
Xom


Innate Abilities, Weirdness & Mutations

You can breathe blasts of fire.
Your fiery red scales are hard. (AC +6)
You cannot fit into any form of body armour.
Your flesh is heat resistant. (rF+)
You are cold-blooded and may be slowed by cold attacks.


Message History

The hound barks!
Found a long sword and 9 gold pieces.
Unknown command.
Flames lash the hound.
The hound is severely wounded.
The hound's fire resistance burns away.
You hear a bark! x2
The hound bites you but does no damage.
A hound comes into view.
The hound bites you but does no damage.
Flames lash the hound.
The hound is burned terribly!
You kill the hound!
A hound comes into view.
The hound barks!
The hound bites you but does no damage. x2
You hit the hound.
Your tail-slap misses the hound.
The hound is lightly wounded.
The hound closely misses you. The hound attacks as you move away!
The hound bites you but does no damage. The hound closely misses you.
The hound barely misses you. The hound closely misses you.
The hound barely misses you.
A centaur comes into view.
The centaur shouts!
The centaur wields a +0 shortbow.
The centaur shoots an arrow.
The arrow hits you! The hound closely misses you. The hound barely misses you.
The centaur shoots an arrow.
The arrow hits you!
As you read the scroll of teleportation {@r4}, it crumbles to dust.
You feel strangely unstable. The hound bites you. x2
The hound bites you but does no damage.
The centaur shoots an arrow.
The arrow hits you!
* * * LOW HITPOINT WARNING * * *
Unknown command.
The hound attacks as you move away! The hound barely misses you.
The centaur shoots an arrow.
The arrow hits you.
* * * LOW HITPOINT WARNING * * *
The hound barely misses you. The hound bites you.
* * * LOW HITPOINT WARNING * * *
The centaur shoots an arrow.
The arrow hits you!
You die...

..............
#............#
#.............
#.......#
+.......#
#.......#
#.......# #
##....hh###..##
......$h@......
##.#.....##..##
..#...... #
#.#.....
...c..#...
.#.........
....# ..###


You could see a centaur and 3 hounds.

Vanquished Creatures
  A black bear (D:5)
  A bullfrog (D:4)
  2 howler monkeys (D:7)
  4 hounds
  A sleepcap (D:4)
  An iguana (D:4)
  2 orc wizards
  6 adders
  A shadow imp (D:7)
  An ufetubus (D:5)
  2 worms
  7 dart slugs
  9 orcs
  7 bats
  4 endoplasms (D:1)
  7 giant cockroaches
  5 goblins
  4 hobgoblins
  4 jackals (D:4)
  5 kobolds
  3 quokkas
  8 ball pythons
  A frilled lizard (D:1)
  2 rats
88 creatures vanquished.

Notes
Turn   | Place    | Note
-------+----------+-------------------------------------------
     0 | D:1      | sanka the Draconian Cinder Acolyte began the quest for the
                  | Orb.
     0 | D:1      | Reached XP level 1. HP: 19/19 MP: 2/2
   199 | D:1      | Reached XP level 2. HP: 22/26 MP: 2/4
   264 | D:1      | Learned a level 2 spell: Scorch
   758 | D:1      | Reached XP level 3. HP: 21/31 MP: 1/6
  1756 | D:2      | Found a stormy altar of Qazlal.
  2085 | D:3      | Got Opnadduiro's Codex of Dislocated Fulmination
  2154 | D:3      | Reached XP level 4. HP: 38/38 MP: 0/7
  2359 | D:3      | Found a faded altar of an unknown god.
  2594 | D:3      | Found an ancient bone altar of Kikubaaqudgha.
  2597 | D:3      | Found a shimmering blue altar of Sif Muna.
  2598 | D:3      | Found a radiant altar of Vehumet.
  2602 | D:3      | Got Kikubaaqudgha's Quarto of Profane Acts
  2992 | D:4      | Found a shimmering altar of Xom.
  2993 | D:4      | Noticed a bullfrog
  2999 | D:4      | Killed a bullfrog
  3000 | D:4      | Reached skill level 5 in Fire Magic
  3000 | D:4      | Reached XP level 5. HP: 46/46 MP: 1/8
  3903 | D:4      | Reached XP level 6. HP: 46/52 MP: 1/9
  4244 | D:5      | Entered Level 5 of the Dungeon
  4290 | D:5      | Reached skill level 5 in Unarmed Combat
  4516 | D:5      | You fall into a shaft and drop 3 floors!
  4560 | D:7      | Your scales start taking on a fiery red colour.
  4560 | D:7      | Reached XP level 7. HP: 41/59 MP: 1/10
  4560 | D:7      | Gained mutation: Your flesh is heat resistant. (rF+) [Red
                  | Draconian growth]
  4813 | D:7      | Noticed a wraith
  4873 | D:6      | Shot with an arrow by a centaur

Illustrated notes

Levels and vault maps discovered:
D:1:      dpeg_arrival_three_smaller_balls, layout_basic, minivault_23
D:2:      layout_rooms, basic_altar
D:3:      layout_rooms, grunt_temple_overflow_magic_moments,
          nicolae_ecumenical_lake_church
D:4:      layout_gridville, xom_butterflies
D:5:      layout_basic, mainiacjoe_overflow_surrounded_room,
          amcnicky_mini_pool_small, kennysheep_potato, uniq_prince_ribbit1
D:6:      layout_basic, grunt_temple_overflow_cloverleaf, uniq_edmund,
          uniq_grinder
D:7:      layout_loops_ring, okawaru_humans,
          minmay_temple_entry_statues_fountains, st_stairs_2, uniq_menkaure
D:8:      layout_loops_ring, nicolae_yredelemnul_corpse_copse,
          nicolae_overflow_crystal_walls, minmay_manual_mares

Skill      XL: |  1  2  3  4  5  6 |
---------------+-------------------+-----
Spellcasting   | 2 |  2.0
Fire Magic     | 4 5 6 |  6.0
Fighting       | 4 |  4.0
Unarmed Combat | 4 6 |  6.8

Action                     |  1- 3 |  4- 6 |  7- 9 || total
---------------------------+-------+-------+-------++-------
  Melee: Unarmed           |    75 |    95 |     1 ||   171
         Tailslap          |    10 |     4 |       ||    14
         Punch             |     2 |     2 |       ||     4
   Cast: Scorch            |    33 |    38 |    14 ||    85
    Use: Scroll            |       |     7 |     1 ||     8
 Armour: Skin              |    27 |    51 |    26 ||   104
  Dodge: Dodged            |    45 |    85 |    29 ||   159
